 Dungeon Crawl Stone Soup version 0.31.0-2-g5a2aebc5c2 (webtiles) character file.

Game seed: 3084097889642695962

42157 Monkooky the Dancer (level 13, -2/96 HPs)
             Began as a Demonspawn Artificer on Jan 20, 2024.
             Was a Believer of Uskayaw.
             Slain by a yak (6 damage)
             ... on level 4 of the Lair of Beasts.
             The game lasted 00:54:13 (13962 turns).

Monkooky the Dancer (Demonspawn Artificer)         Turns: 13962, Time: 00:54:13

Health: -2/96      AC: 18    Str: 13    XL:     13   Next: 83%
Magic:  15/24      EV: 13    Int: 13    God:    Uskayaw [**....]
Gold:   501        SH:  0    Dex: 17    Spells: 14/14 levels left

rFire   + + +        N - +2 short sword (venom)
rCold   + . .        (no shield)
rNeg    . . .        g - +2 ring mail {rF+}
rPois   +            m - +0 helmet
rElec   .            i - +2 cloak {rF+}
rCorr   .            s - +0 pair of gloves "Fugoacia" {^Contam rC+ Regen+}
SInv    .            h - +0 pair of boots
Will    .....        H - amulet of faith
Stlth   +++++        B - ring of poison resistance
HPRegen 1.16/turn    P - ring of protection from fire
MPRegen 0.19/turn

%: faith
@: no status effects
A: powered by pain 2, sharp scales 3, demonic magic 1, demonic touch 1
a: Renounce Religion, Stomp, Line Pass


You were on level 4 of the Lair of Beasts.
You worshipped Uskayaw.
Uskayaw was pleased with you.
You visited 2 branches of the dungeon, and saw 15 of its levels.
You also visited: Volcano.

You collected 1043 gold pieces.
You spent 542 gold pieces at shops.

Inventory:

Hand Weapons
 u - the +7 staff of the Meek {protect, meekguard}
   (You found it on level 3 of the Dungeon)
 E - a +2 rapier of draining
 N - a +2 short sword of venom (weapon)
Missiles
 L - 29 poisoned darts
 U - a throwing net
Armour
 b - a +3 chain mail of fire resistance
 g - a +2 ring mail of fire resistance (worn)
 h - a +0 pair of boots (worn)
 i - a +2 cloak of fire resistance (worn)
 j - the +1 robe "Ronao" {rElec rPois Int+3}
   (You found it on level 4 of the Lair of Beasts)

   Int+3:     It affects your intelligence (+3).
   rElec:     It insulates you from electricity.
   rPois:     It protects you from poison
 m - a +0 helmet (worn)
 s - the +0 pair of gloves "Fugoacia" (worn) {^Contam rC+ Regen+}
   (You found it on level 3 of the Dungeon)

   rC+:       It protects you from cold.
   ^Contam:   It causes magical contamination when unequipped.
   Regen+:    It increases your rate of health regeneration.
 A - the +6 chain mail of the Invisible Hand {Dex+5}
   (You found it on level 8 of the Dungeon)

   Dex+5:     It affects your dexterity (+5).
 F - a +3 leather armour of willpower
 G - a +2 ring mail of cold resistance
Jewellery
 a - a ring of willpower
 f - a ring of resist corrosion
 B - a ring of poison resistance (left hand)
 H - an amulet of faith (around neck)
 O - a ring of willpower
 P - a ring of protection from fire (right hand)
 Z - the ring "Oraf" {AC+4 Int+4 Slay-2}
   (You found it on level 5 of the Lair of Beasts)

   [ring of protection]

   AC+4:      It affects your AC (+4).
   Int+4:     It affects your intelligence (+4).
   Slay-2:    It affects your accuracy & damage with ranged weapons and melee
   (-2).
Wands
 c - a wand of flame (24)
 d - a wand of charming (5)
 e - a wand of iceblast (18)
 D - a wand of paralysis (5)
 X - a wand of digging (4)
 Y - a wand of light (6)
Scrolls
 n - 2 scrolls of poison
 o - a scroll of teleportation
 r - 2 scrolls of immolation
 v - 2 scrolls of fog
 w - 3 scrolls of summoning
 x - 2 scrolls of fear
 y - 4 scrolls of enchant weapon
 z - a scroll of noise
 M - 3 scrolls of blinking
 S - 3 scrolls of enchant armour
 W - 3 scrolls of revelation
Potions
 k - a potion of brilliance {unknown}
 l - 2 potions of curing
 p - 4 potions of haste
 q - 5 potions of mutation {unknown}
 t - 3 potions of enlightenment
 C - 8 potions of heal wounds
 I - a potion of might
 K - 2 potions of ambrosia
 Q - a potion of lignification
 R - a potion of berserk rage
 T - 2 potions of invisibility


   Skills:
 + Level 7.4 Fighting
 - Level 10.0 Short Blades
 + Level 6.0 Armour
 + Level 5.7 Dodging
 - Level 13.0 Stealth
 - Level 1.0 Spellcasting
 - Level 1.8 Summonings
 - Level 15.3 Invocations
 - Level 6.7 Evocations


You had 14 spell levels left.
You didn't know any spells.
Your spell library contained the following spells:

 Spells                   Type           Power      Damage    Failure   Level
 Call Imp                 Summ           10%        N/A       38%         2
 Kiss of Death            Conj/Necr      0%         2d5       50%         1
 Magic Dart               Conj           0%         1d3       50%         1
 Sting                    Conj/Alch      0%         1d3       50%         1
 Blink                    Tloc           0%         N/A       63%         2
 Cigotuvi's Dreadful Rot  Necr/Alch/Air  0%         N/A       63%         2
 Mercury Vapours          Alch/Air       0%         N/A       63%         2
 Sublimation of Blood     Necr           0%         N/A       63%         2
 Call Canine Familiar     Summ           5%         N/A       63%         3
 Summon Ice Beast         Ice/Summ       3%         N/A       75%         3
 Inner Flame              Hex/Fire       0%         N/A       86%         3
 Sigil of Binding         Hex            0%         N/A       86%         3
 Martyr's Knell           Necr/Summ      3%         N/A       98%         4
 Cause Fear               Hex            0%         N/A       99%         4
 Dimensional Bullseye     Hex/Tloc       0%         N/A       99%         4
 Dispel Undead            Necr           0%         3d6       99%         4
 Flame Wave               Conj/Fire      0%         2d4       99%         4
 Olgreb's Toxic Radiance  Alch           0%         N/A       99%         4
 Sticky Flame             Fire/Alch      0%         2d4       99%         4
 Fireball                 Conj/Fire      0%         3d3       100%        5
 Summon Mana Viper        Hex/Summ       3%         N/A       100%        5
 Death Channel            Necr           0%         N/A       100%        6
 Dispersal                Tloc           0%         N/A       100%        6
 Monstrous Menagerie      Summ           2%         N/A       100%        7
 Summon Hydra             Summ           2%         N/A       100%        7
 Infestation              Necr           0%         N/A       100%        8
 Dragon's Call            Summ           2%         N/A       100%        9
 Fire Storm               Conj/Fire      0%         5d1       100%        9


Dungeon Overview and Level Annotations

Branches:
Dungeon (10/15)            Temple (0/1) D:7            Lair (5/5) D:8
 Shoals (0/4) Lair:2        Snake (0/4) Lair:2      Volcano (visited)
  Slime: Lair:4-5       Orc: D:9-12

Altars:
Dithmenos
Gozag
Nemelex Xobeh
Okawaru
Qazlal
Trog
Uskayaw
Vehumet
Wu Jian

Shops:
D:3 ?   D:6 ?   D:7 *?*!

Annotations:
D:5 1 runed translucent door, Crazy Yiuf
D:8 1 transporter
D:9 3 runed translucent doors, BeingJoeMalik's ghost, journeyman TeFi
Lair:4 exclusion: oklob plant


Innate Abilities, Weirdness & Mutations

You sometimes gain power by taking damage.
You are completely covered in razor-sharp scales. (AC +3, Slay +3)
Spells you cast may paralyse adjacent enemies.
Your touch may inflict minor irresistible damage on your foes.


Message History

The catoblepas gores you!
* * * LOW HITPOINT WARNING * * *
Unknown command.
You stomp with the beat, sending a shockwave through the revellers around you!
You kill the catoblepas!
The yak is heavily wounded.
You can no longer pass through a line of other dancers.
You can now pass through a line of other dancers.
Your Armour skill increases to level 6!
Unknown command.
You see here a +0 ring mail.
The polar bear attacks as it pursues you!
The polar bear bites you!
* * * LOW HITPOINT WARNING * * *
The polar bear claws you but does no damage. x2
You hit the polar bear.
The polar bear is poisoned.
The polar bear is moderately wounded.
The polar bear closely misses you. The polar bear claws you.
* * * LOW HITPOINT WARNING * * *
The polar bear claws you.
* * * LOW HITPOINT WARNING * * *
Unknown command.
Aiming: Line Pass
Press: ? - help, Dir - move target The polar bear appears confused.
The yak appears confused.
You can no longer pass through a line of other dancers.
The yak gores the yak!
The polar bear bites the yak!
The polar bear claws the yak but does no damage. x2
Unknown command.
You catch the helpless yak completely off-guard!
You impale the yak!!
You kill the yak!
The yak gores you.
* * * LOW HITPOINT WARNING * * *
The yak bellows!
You can now pass through a line of other dancers.
The yak attacks as it pursues you! The yak gores you!
* * * LOW HITPOINT WARNING * * *
The yak gores you but does no damage. The yak gores you.
You die...

########### ### ##
#.....##P.####.####.#.#
............)....... ..
..................##..# .
.....##.+#.##.......#.# ##..
.....###.#.##.....##..##........
.............+...........#.._....
.....##>.....[.Y.###............
.....#.......#hY@........# ....
."...##.....##.kY.#P.....# ..Y
............#P...##......###.##
.....##..........##.#######...##
.^...##.#+#.##..†#§########..#.##
.....#### ##.#...#.§#.#.##.......
....... .........†k.†...........
........ ..........h.............
##........#..#...................


You could see a polar bear (confused, very poisoned), 3 yaks and a rime drake.

Vanquished Creatures
  Gastronok (Lair:2)
  3 hydras
  A boulder beetle (Lair:1)
  2 catoblepae
  2 two-headed ogres
  7 death yaks
  A hell knight (Volcano)
  A fire crab (Lair:2)
  2 skysharks
  An ugly thing (Volcano)
  3 elephants (Lair:2)
  5 black mambas
  Joseph (D:7)
  A smoke demon (Volcano)
  2 rime drakes
  7 cane toads
  4 komodo dragons
  2 red devils (Volcano)
  A troll (D:9)
  4 polar bears
  3 merfolk (Lair:2)
  A hornet (D:8)
  21 blink frogs
  5 wyverns
  3 basilisks
  60 yaks
  Eustachio (D:5)
  2 steam dragons
  2 nagas (Lair:2)
  11 water moccasins
  2 hell hounds (Volcano)
  5 orc warriors
  3 black bears
  15 wolves
  A kobold brigand (D:7)
  17 bullfrogs
  A gnoll sergeant (D:6)
  9 wights
  3 killer bees (D:8)
  2 howler monkeys
  2 lava snakes (D:10)
  A jelly (D:8)
  A bombardier beetle (D:3)
  A gnoll bouda (D:4)
  4 orc priests
  3 hounds
  A sleepcap (D:4)
  Ijyb (D:5)
  5 iguanas
  6 orc wizards
  3 hell rats (D:8)
  8 gnolls
  7 adders
  2 white imps
  2 ufetubi (D:5)
  4 dart slugs
  3 ribbon worms
  22 orcs
  6 endoplasms
  2 giant cockroaches
  7 goblins
  8 hobgoblins
  5 kobolds
  7 quokkas
  7 ball pythons
  2 bats
  4 frilled lizards
  10 rats
352 creatures vanquished.

Vanquished Creatures (collateral kills)
  A death yak (D:8)
  A scorpion (D:6)
  An orc priest (D:6)
  An orc wizard (D:3)
  4 gnolls (D:6)
  4 orcs
12 creatures vanquished.

Vanquished Creatures (others)
  A cane toad (Lair:2)
  An orc wizard (D:3)
  A hell rat (D:8)
  3 orcs
6 creatures vanquished.

Grand Total: 370 creatures vanquished

Notes
Turn   | Place    | Note
-------+----------+-------------------------------------------
     0 | D:1      | Monkooky the Demonspawn Artificer began the quest for the
                  | Orb.
     0 | D:1      | Reached XP level 1. HP: 15/15 MP: 1/1
   171 | D:1      | Reached skill level 1 in Summonings
   229 | D:1      | Gained mutation: Your touch may inflict minor irresistible
                  | damage on your foes. [demonic ancestry]
   229 | D:1      | Reached XP level 2. HP: 21/21 MP: 2/2
   656 | D:1      | Found a faded altar of an unknown god.
   664 | D:1      | Prayed at the altar of an unknown god.
   664 | D:1      | Became a worshipper of Uskayaw the Reveller
   664 | D:1      | Reached * piety under Uskayaw
   685 | D:1      | Reached skill level 1 in Spellcasting
   692 | D:1      | Reached ** piety under Uskayaw
   693 | D:1      | Reached *** piety under Uskayaw
  1105 | D:2      | Reached XP level 3. HP: 25/26 MP: 4/4
  2295 | D:3      | Reached skill level 1 in Short Blades
  2400 | D:3      | Reached XP level 4. HP: 26/33 MP: 5/5
  2503 | D:3      | Found Uwoigrat's Magic Scroll Emporium.
  2517 | D:3      | Bought a scroll of immolation for 44 gold pieces
  2517 | D:3      | Bought a scroll of identify for 22 gold pieces
  2605 | D:3      | Identified the +0 pair of gloves "Fugoacia" {^Contam rC+
                  | Regen+}
  2632 | D:3      | Gained mutation: You are partially covered in razor-sharp
                  | scales. (AC +1, Slay +1) [demonic ancestry]
  2632 | D:3      | Reached XP level 5. HP: 19/38 MP: 1/6
  2706 | D:3      | Found the +7 staff of the Meek {protect, meekguard}
  2942 | D:3      | Reached skill level 1 in Invocations
  3121 | D:3      | Bought a scroll of enchant weapon for 82 gold pieces
  3133 | D:4      | Reached skill level 2 in Invocations
  3141 | D:4      | You fall into a shaft and drop 3 floors!
  3141 | D:7      | Found Hepel's General Store.
  3151 | D:7      | Bought a scroll of noise for 11 gold pieces
  3178 | D:7      | Reached skill level 3 in Invocations
  3191 | D:7      | Found Atifewep's Magic Scroll Shop.
  3196 | D:7      | Bought a scroll of vulnerability for 48 gold pieces
  3240 | D:6      | Gained mutation: Spells you cast may paralyse adjacent
                  | enemies. [demonic ancestry]
  3240 | D:6      | Reached XP level 6. HP: 42/44 MP: 8/8
  3242 | D:6      | Reached skill level 4 in Invocations
  3270 | D:6      | Noticed an orc warrior
  3287 | D:6      | Reached skill level 5 in Invocations
  3305 | D:6      | Reached skill level 6 in Invocations
  3313 | D:6      | Killed an orc warrior
  3314 | D:6      | Reached skill level 7 in Invocations
  3314 | D:6      | Reached XP level 7. HP: 10/49 MP: 10/12
  3567 | D:6      | Paralysed by an orc for 4 turns
  3572 | D:6      | Paralysed by an orc for 4 turns
  3577 | D:6      | Reached skill level 1 in Stealth
  3614 | D:5      | Entered Level 5 of the Dungeon
  3615 | D:5      | Noticed Eustachio
  3631 | D:5      | Killed Eustachio
  3636 | D:5      | Reached **** piety under Uskayaw
  3753 | D:4      | Gained mutation: You are mostly covered in razor-sharp
                  | scales. (AC +2, Slay +2) [demonic ancestry]
  3753 | D:4      | Reached XP level 8. HP: 57/60 MP: 13/13
  4266 | D:5      | Noticed Ijyb
  4297 | D:5      | Killed Ijyb
  4651 | D:5      | Found a runed translucent door.
  4652 | D:5      | Noticed Crazy Yiuf
  5108 | D:3      | Bought a scroll of summoning for 104 gold pieces
  5252 | D:6      | Found Reeh's Magic Scroll Boutique.
  5558 | D:6      | Reached skill level 5 in Short Blades
  5764 | D:7      | Found Cyil's Distillery.
  5838 | D:7      | Found a staircase to the Ecumenical Temple.
  5856 | D:7      | Found Uneolerph's General Store.
  5911 | D:7      | Noticed Joseph
  5966 | D:7      | Bought a potion of lignification for 33 gold pieces
  6393 | D:8      | Found a transporter.
  6582 | D:8      | Noticed a death yak
  6620 | D:8      | Noticed a death yak
  6647 | D:8      | Noticed a hornet
  6657 | D:8      | Killed a death yak
  6658 | D:8      | Gained mutation: You are completely covered in razor-sharp
                  | scales. (AC +3, Slay +3) [demonic ancestry]
  6658 | D:8      | Reached XP level 9. HP: 36/65 MP: 11/14
  6696 | D:8      | Identified the +6 chain mail of the Invisible Hand {Dex+5}
  6721 | D:8      | Noticed a death yak
  6788 | D:8      | Got the Vellum of Hurting and the Mortuary
  6790 | D:8      | Found a staircase to the Lair.
  6849 | D:8      | Killed a death yak
  6867 | D:8      | Killed a death yak
  6868 | D:8      | Gained mutation: You sometimes gain a little power by
                  | taking damage. [demonic ancestry]
  6868 | D:8      | Reached XP level 10. HP: 43/71 MP: 7/15
  6967 | D:8      | Reached skill level 10 in Short Blades
  6989 | D:8      | Reached skill level 1 in Dodging
  7331 | D:9      | Reached ***** piety under Uskayaw
  7470 | D:9      | Found a runed translucent gate.
  7470 | D:9      | Found a runed translucent gate.
  7470 | D:9      | Found a runed translucent gate.
  7588 | D:7      | Bought 2 potions of heal wounds for 110 gold pieces
  7736 | D:9      | Identified the +10 whip of the New World {drain, *Rage
                  | Str+4 Int+3}
  7757 | D:9      | Found a bloodstained altar of Trog.
  7770 | D:9      | Noticed a two-headed ogre
  7791 | D:9      | Killed a two-headed ogre
  7792 | D:9      | Reached skill level 8 in Invocations
  7805 | D:9      | Found an opulent altar of Gozag.
  7805 | D:9      | Found a radiant altar of Vehumet.
  7816 | D:9      | Found an iron altar of Okawaru.
  7949 | D:9      | Noticed a spectral centaur warrior
  7950 | D:9      | Noticed a spectral centaur warrior
  7952 | D:9      | Noticed BeingJoeMalik's ghost (journeyman TeFi)
  7952 | D:9      | Noticed a spectral centaur warrior
  8029 | D:7      | Killed Joseph
  8030 | D:7      | Reached skill level 5 in Fighting
  8109 | D:10     | Entered Level 10 of the Dungeon
  8227 | D:7      | Bought a potion of invisibility for 88 gold pieces
  8426 | D:10     | Found a sparkling altar of Nemelex Xobeh.
  8460 | D:10     | Found a stormy altar of Qazlal.
  8508 | D:10     | Reached skill level 9 in Invocations
  8511 | D:10     | Reached XP level 11. HP: 81/81 MP: 17/17
  8947 | D:10     | Noticed a two-headed ogre
  8962 | D:10     | Killed a two-headed ogre
  9199 | Lair:1   | Entered Level 1 of the Lair of Beasts
  9241 | Lair:1   | Reached ****** piety under Uskayaw
  9242 | Lair:1   | Reached skill level 5 in Armour
  9419 | Lair:1   | Reached skill level 5 in Stealth
  9702 | Lair:1   | Found an ornate altar of the Wu Jian Council.
  9702 | Lair:1   | Found a hide-covered altar of Uskayaw.
  9702 | Lair:1   | Noticed a boulder beetle
  9716 | Lair:1   | Killed a boulder beetle
 10441 | Lair:2   | Noticed a catoblepas
 10456 | Lair:2   | Killed a catoblepas
 10463 | Lair:2   | Gained mutation: You sometimes gain power by taking damage.
                  | [demonic ancestry]
 10463 | Lair:2   | Reached XP level 12. HP: 80/89 MP: 19/19
 10608 | Lair:2   | Noticed Gastronok
 10621 | Lair:2   | Reached skill level 10 in Stealth
 10623 | Lair:2   | Killed Gastronok
 10715 | Lair:2   | Noticed a four-headed hydra
 10723 | Lair:2   | Killed a four-headed hydra
 10940 | Lair:2   | Upgraded the game from 0.31.0 to 0.31.0-2-g5a2aebc5c2
 11061 | Lair:2   | Found a staircase to the Shoals.
 11550 | Lair:2   | Reached skill level 10 in Invocations
 11812 | Lair:2   | Found a staircase to the Snake Pit.
 11898 | Lair:3   | Noticed a six-headed hydra
 11902 | Lair:3   | Killed a six-headed hydra
 12035 | Lair:3   | Reached skill level 11 in Invocations
 12055 | Lair:3   | Reached XP level 13. HP: 89/94 MP: 21/21
 12118 | Lair:3   | Reached skill level 12 in Invocations
 12186 | Lair:3   | Got the Tractate on Torrid Direction
 12825 | Lair:4   | Reached skill level 13 in Invocations
 13071 | Lair:4   | You fall into a shaft and drop 1 floor!
 13071 | Lair:5   | Entered Level 5 of the Lair of Beasts
 13076 | Lair:5   | Identified the ring "Oraf" {AC+4 Int+4 Slay-2}
 13109 | Lair:5   | Reached skill level 14 in Invocations
 13243 | Lair:5   | Found a dark tunnel.
 13249 | Lair:5   | Reached skill level 15 in Invocations
 13258 | Volcano  | Entered a volcano
 13414 | Volcano  | Reached skill level 5 in Dodging
 13826 | Lair:4   | Identified the +1 robe "Ronao" {rElec rPois Int+3}
 13903 | Lair:4   | Found a shadowy altar of Dithmenos.
 13962 | Lair:4   | HP: 4/96 [yak (9)]
 13962 | Lair:4   | Slain by a yak

Illustrated notes

Levels and vault maps discovered:
D:1:      sevenhm_arrival_forest_fort_large_4, layout_basic,
          basic_ecumenical_altar
D:2:      layout_basic
D:3:      layout_loops_ring, serial_shops, shop, minmay_misc_feat_more_columns,
          minmay_fountain_box, pf_guarded_unrand_meek
D:4:      layout_rooms, portal_sewer_entry_f, nicolae_grassy_gnolls
D:5:      layout_basic, uniq_crazy_yiuf_cottage, uniq_ijyb, uniq_eustachio
D:6:      layout_basic, serial_shops, shop
D:7:      layout_cave_pods, temple_statues, enter_bailey_3, serial_shops,
          nicolae_shop_pleasant_corner_grove, nicolae_diamond_shop, shop,
          nicolae_shop_industrial_runoff, uniq_joseph
D:8:      layout_cave_pools, dpeg_lair_monsters, nicolae_diode_basic
D:9:      layout_basic, grunt_temple_overflow_open, gammafunk_ghost_necromancy,
          serial_park_tiny_pond
D:10:     layout_basic, mainiacjoe_overflow_catch_the_wave
Lair:1:   layout_small_grid, nzn_masters_of_martial_movement, grunt_megastairs_3
Lair:2:   layout_hall_layers, mainiacjoe_shoals_entry_four_pools,
          guppyfry_snake_entry_island, grunt_megastairs_4, uniq_gastronok
Lair:3:   layout_roguey, infiniplex_staircase_pool, lemuel_fruit_tree
Lair:4:   layout_regular_city, basic_altar
Lair:5:   guppyfry_lair_end_dragon, layout_long_grid,
          hangedman_lair_caniforms_friends, dpeg_slime_entry_enclosed,
          enter_volcano_1, lemuel_fruit_fields, serial_bayou_shore_a,
          serial_bayou_shore_b

Skill      XL: |  1  2  3  4  5  6  7  8  9 10 11 12 13 |
---------------+----------------------------------------+-----
Summonings     | 1 |  1.8
Spellcasting   | 1 |  1.0
Short Blades   | 2 3 7 9 10 | 10.0
Invocations    | 3 7 9 11 15 | 15.3
Fighting       | 3 5 6 7 |  7.4
Stealth        | 3 9 13 | 13.0
Evocations     | 4 6 |  6.7
Dodging        | 3 4 5 |  5.7
Armour         | 4 5 6 |  6.0

Action                     |  1- 3 |  4- 6 |  7- 9 | 10-12 | 13-15 || total
---------------------------+-------+-------+-------+-------+-------++-------
  Melee: Club              |    11 |       |       |       |       ||    11
         Whip              |    33 |       |       |       |       ||    33
         Mace              |     7 |       |       |       |       ||     7
         Touch             |    21 |     8 |     4 |   113 |    86 ||   232
         Dagger            |    81 |    22 |     2 |       |       ||   105
         Punch             |       |     1 |       |     9 |    11 ||    21
         Quarterstaff      |       |    46 |   223 |       |       ||   269
         Short sword       |       |       |    22 |   522 |   331 ||   875
  Throw: Dart              |       |       |     8 |     7 |     2 ||    17
 Invoke: Line Pass         |       |     1 |     3 |       |     1 ||     5
         Stomp             |       |       |       |     2 |     2 ||     4
         Grand Finale      |       |       |       |     1 |       ||     1
  Evoke: Wand              |     3 |     6 |    10 |     6 |     3 ||    28
    Use: Scroll            |       |     3 |     4 |     8 |     3 ||    18
         Potion            |       |     1 |       |       |       ||     1
   Stab: Sleeping          |     2 |       |     2 |     1 |     3 ||     8
         Paralysed         |       |     2 |    10 |    44 |    21 ||    77
         Distracted        |       |       |     1 |     2 |       ||     3
         Confused          |       |       |     2 |       |     1 ||     3
         Petrified         |       |       |       |     2 |     3 ||     5
         Petrifying        |       |       |       |       |     1 ||     1
 Armour: Leather armour    |    28 |       |   137 |       |       ||   165
         Scale mail        |    43 |    63 |    71 |       |       ||   177
         Chain mail        |       |       |    18 |   276 |   114 ||   408
         Skin              |       |       |     4 |       |       ||     4
         Ring mail         |       |       |       |       |    87 ||    87
  Dodge: Dodged            |    64 |    38 |   190 |   162 |   129 ||   583
